 Dungeon Crawl Stone Soup version 0.24-a0-536-gdd4cf15 (webtiles) character file.

Game seed: 12376796321258024424

8524 peaced01 the Protected (level 11, 0/85 HPs)
             Began as a Gnoll Wanderer on Aug 11, 2019.
             Was a Believer of the Shining One.
             Slain by an unseen horror (4 damage)
             ... on level 10 of the Dungeon.
             The game lasted 00:25:35 (10652 turns).

peaced01 the Protected (Gnoll Wanderer)            Turns: 10652, Time: 00:25:35

Health: 0/85       AC: 16    Str: 13    XL:     11   Next: 32%
Magic:  23/23      EV:  9    Int: 14    God:    the Shining One [**....]
Gold:   426        SH:  6    Dex: 20    Spells: 26/26 levels left

rFire    . . .     SeeInvis .   I - +2 trident (venom)
rCold    . . .     Gourm    .   d - +0 buckler
rNeg     + . .     Faith    .   o - +0 chain mail
rPois    .         Spirit   .   i - +0 helmet
rElec    .         Reflect  .   l - +2 cloak
rCorr    .         Harm     .   (no gloves)
MR       .....                  (no boots)
Stlth    ..........             (no amulet)
HPRegen  0.24/turn              (no ring)
MPRegen  0.18/turn              (no ring)

@: glowing
A: distributed training, fangs 1, strong nose
a: Divine Shield, Renounce Religion


You were on level 10 of the Dungeon.
You worshipped the Shining One.
The Shining One was pleased with you.
You were near starving.

You visited 1 branch of the dungeon, and saw 10 of its levels.

You collected 426 gold pieces.

Inventory:

Hand Weapons
 a - a +2 spear
 b - a +0 hand crossbow
 u - a +0 long sword of protection
 x - a +1 scimitar of flaming
 E - a +4 dagger of holy wrath
 I - a +2 trident of venom (weapon)
Missiles
 c - 86 bolts
Armour
 d - a +0 buckler (worn)
 e - a +0 robe
 i - a +0 helmet (worn)
 l - a +2 cloak (worn)
 o - a +0 chain mail (worn)
Jewellery
 g - an uncursed ring of fire
 y - an uncursed amulet of harm {unknown}
 C - a cursed ring of flight {unknown}
 D - an uncursed ring of fire
 G - an uncursed amulet of guardian spirit {unknown}
Wands
 p - a wand of digging (4)
 H - a wand of paralysis (2)
Scrolls
 h - 2 scrolls of enchant armour {unknown}
 j - 3 scrolls of fog {unknown}
 k - 4 scrolls of teleportation {unknown}
 n - 2 scrolls of amnesia {unknown}
 q - 3 scrolls of noise {unknown}
 s - 10 scrolls of identify {unknown}
 t - 2 scrolls of immolation {unknown}
 v - 4 scrolls of magic mapping {unknown}
 w - 4 scrolls of remove curse {unknown}
 z - a scroll of fear {unknown}
 B - a scroll of enchant weapon {unknown}
 F - a scroll of blinking {unknown}
Potions
 m - a potion of brilliance
 r - a potion of degeneration
Miscellaneous
 A - a lamp of fire (inert)
Comestibles
 f - 22 rations


   Skills:
 + Level 7.7 Fighting
 + Level 6.1 Short Blades
 + Level 6.1 Long Blades
 + Level 6.1 Axes
 + Level 6.1 Maces & Flails
 + Level 6.1 Polearms
 + Level 6.1 Staves
 + Level 6.1 Slings
 + Level 6.1 Bows
 + Level 6.1 Crossbows
 + Level 6.6 Throwing
 + Level 9.0 Armour
 + Level 6.1 Dodging
 + Level 6.1 Stealth
 + Level 6.6 Shields
 + Level 6.1 Unarmed Combat
 + Level 8.0 Spellcasting
 + Level 5.0 Conjurations
 + Level 5.0 Hexes
 + Level 5.0 Charms
 + Level 5.0 Summonings
 + Level 5.0 Necromancy
 + Level 5.0 Translocations
 + Level 5.0 Transmutations
 + Level 5.0 Fire Magic
 + Level 5.0 Ice Magic
 + Level 5.5 Air Magic
 + Level 5.0 Earth Magic
 + Level 5.0 Poison Magic
 + Level 6.6 Invocations
 + Level 6.1 Evocations


You had 26 spell levels left.
You didn't know any spells.
Your spell library contained the following spells:

 Spells                   Type           Power        Failure   Level  Hunger
 Beastly Appendage        Tmut           ###...       30%         1    None
 Sticks to Snakes         Tmut           ###.....     41%         2    None
 Spider Form              Tmut/Pois      ###.......   65%         3    ##.....
 Ice Form                 Ice/Tmut       ###.....     96%         4    ####...
 Blade Hands              Tmut           ###.......   100%        5    #####..


Dungeon Overview and Level Annotations

Branches:
Dungeon (10/15)            Temple (0/1) D:6            Lair (0/6) D:9
    Orc: D:9-12

Altars:
Dithmenos
Elyvilon
Fedhas
Kikubaaqudgha
Makhleb
Okawaru
Ru
Trog
Vehumet
Wu Jian
The Shining One

Shops:
D:4 }

Annotations:
D:6 3 runed translucent doors, silentkaos13's ghost, novice DDBe


Innate Abilities, Weirdness & Mutations

Your experience applies equally to all skills.
You have very sharp teeth.
Your uncanny sense of smell can sniff out nearby items.


Message History

The weapon returns to the orc!
An unseen horror comes into view.
The unseen horror hits you.
* * * LOW HITPOINT WARNING * * *
Unknown command.
You kill the orc!
The unseen horror hits you but does no damage.
The orc throws a boomerang.
The boomerang completely misses you.
You hit the unseen horror.
The unseen horror is poisoned.
The unseen horror is lightly wounded.
The unseen horror hits you.
* * * LOW HITPOINT WARNING * * *
The orc throws a boomerang.
The boomerang closely misses you.
The weapon returns to the orc!
You hit the unseen horror.
The unseen horror looks as sick as possible!
You bite the unseen horror, but do no damage.
The unseen horror is moderately wounded.
The unseen horror hits you.
You die...

#..# #...# #...# #..# #..
####..####...#####..[# #..####..
.....................####......?.
.................................
.................................
#(..###.......................###
#...# #....####............... #
#...# #....# #..o).......... #
#...# #....# #.@........... #
#...# #....# #..x.......... #
#...# #....# #............. #
#...# #....# #............. #
#...# #....# #............. #
#...###... #........(.... #
.......... ............. ....
.......... ............. .....
.####....# ............. ..###


You could see an unseen horror (invisible) and an orc.

Vanquished Creatures
  A two-headed ogre (D:8)
  Erica (D:9)
  An orc sorcerer (D:9)
  Prince Ribbit (D:7)
  A hippogriff (D:7)
  Sigmund (D:5)
  A wyvern (D:10)
  A spriggan (D:7)
  Grum (D:9)
  A hungry ghost (D:9)
  12 wargs (D:9)
  An acid dragon (D:10)
  7 orc warriors
  3 ice beasts
  2 black bears
  4 sky beasts
  2 phantoms
  3 wolves (D:9)
  4 centaurs
  2 big kobolds
  4 bullfrogs
  3 scorpions
  6 killer bees (D:9)
  4 crimson imps
  2 hounds
  4 jellies
  4 orc priests
  A bullfrog skeleton (D:10)
  2 iguanas
  6 orc wizards
  2 worker ants
  Terence (D:3)
  2 hound zombies (D:5)
  A hound skeleton (D:6)
  2 worker ant zombies
  Robin (D:3)
  7 gnolls
  12 adders
  A howler monkey skeleton (D:6)
  A shadow imp (D:7)
  An adder zombie (D:5)
  An adder skeleton (D:8)
  3 worms
  A dart slug (D:1)
  5 leopard geckos
  65 orcs
  2 ball pythons
  5 bats
  2 giant cockroaches
  15 goblins
  10 hobgoblins
  13 jackals
  23 kobolds
  4 quokkas
  4 frilled lizards
  A leopard gecko skeleton (D:8)
  A quokka skeleton (D:5)
  2 quokka zombies
  5 rats
279 creatures vanquished.

Vanquished Creatures (others)
  An orc (D:9)
  A plant (D:9)
2 creatures vanquished.

Grand Total: 281 creatures vanquished

Notes
Turn   | Place    | Note
-------+----------+-------------------------------------------
     0 | D:1      | peaced01 the Gnoll Wanderer began the quest for the Orb.
     0 | D:1      | peaced01 set off with the following items: a +2 spear, a +0
                  | hand crossbow, 27 bolts, a +0 buckler, a +0 robe, a ration
     0 | D:1      | Reached XP level 1. HP: 20/20 MP: 6/6
   136 | D:1      | Reached XP level 2. HP: 26/26 MP: 7/7
   405 | D:1      | Reached XP level 3. HP: 28/31 MP: 9/9
   505 | D:1      | Reached skill level 5 in Spellcasting
   679 | D:1      | Found a bloodstained altar of Trog.
   729 | D:2      | Found an ornate altar of the Wu Jian Council.
   733 | D:2      | Found a shadowy altar of Dithmenos.
   746 | D:2      | Reached skill level 1 in Invocations
  1024 | D:2      | Reached skill level 1 in Short Blades
  1024 | D:2      | Reached skill level 1 in Long Blades
  1024 | D:2      | Reached skill level 1 in Axes
  1024 | D:2      | Reached skill level 1 in Maces & Flails
  1024 | D:2      | Reached skill level 1 in Polearms
  1024 | D:2      | Reached skill level 1 in Staves
  1024 | D:2      | Reached skill level 1 in Slings
  1024 | D:2      | Reached skill level 1 in Bows
  1024 | D:2      | Reached skill level 1 in Crossbows
  1024 | D:2      | Reached skill level 1 in Dodging
  1024 | D:2      | Reached skill level 1 in Stealth
  1024 | D:2      | Reached skill level 1 in Unarmed Combat
  1024 | D:2      | Reached skill level 1 in Evocations
  1032 | D:2      | Reached XP level 4. HP: 33/38 MP: 11/11
  1172 | D:2      | Found a sacrificial altar of Ru.
  1695 | D:3      | Reached skill level 1 in Conjurations
  1695 | D:3      | Reached skill level 1 in Hexes
  1695 | D:3      | Reached skill level 1 in Charms
  1695 | D:3      | Reached skill level 1 in Summonings
  1695 | D:3      | Reached skill level 1 in Necromancy
  1695 | D:3      | Reached skill level 1 in Translocations
  1695 | D:3      | Reached skill level 1 in Transmutations
  1695 | D:3      | Reached skill level 1 in Fire Magic
  1695 | D:3      | Reached skill level 1 in Ice Magic
  1695 | D:3      | Reached skill level 1 in Earth Magic
  1695 | D:3      | Reached skill level 1 in Poison Magic
  1745 | D:3      | Noticed Terence
  1788 | D:3      | Killed Terence
  1788 | D:3      | Reached XP level 5. HP: 23/43 MP: 12/12
  2071 | D:3      | Noticed Robin
  2102 | D:3      | Killed Robin
  2512 | D:3      | Noticed a centaur
  2523 | D:3      | Killed a centaur
  2523 | D:3      | Reached XP level 6. HP: 23/50 MP: 14/14
  3005 | D:4      | Noticed an ice beast
  3024 | D:4      | Killed an ice beast
  3024 | D:4      | Reached skill level 5 in Fighting
  3191 | D:4      | Found Xumpesiv's Gadget Shoppe.
  3326 | D:4      | Reached XP level 7. HP: 43/56 MP: 15/15
  3408 | D:4      | Reached skill level 7 in Armour
  3617 | D:5      | Entered Level 5 of the Dungeon
  3617 | D:5      | Found a white marble altar of Elyvilon.
  3652 | D:5      | Found a blossoming altar of Fedhas.
  3653 | D:5      | Found an ancient bone altar of Kikubaaqudgha.
  3762 | D:5      | Found a glowing golden altar of the Shining One.
  3803 | D:5      | Became a worshipper of the Shining One
  3900 | D:5      | Noticed Sigmund
  3925 | D:5      | Killed Sigmund
  3925 | D:5      | Reached XP level 8. HP: 52/63 MP: 16/16
  4120 | D:5      | Found an iron altar of Okawaru.
  4303 | D:5      | Found a burning altar of Makhleb.
  5018 | D:6      | Found an ornate altar of the Wu Jian Council.
  5120 | D:6      | Found a staircase to the Ecumenical Temple.
  5171 | D:6      | Found a runed translucent gate.
  5171 | D:6      | Noticed a kobold demonologist
  5171 | D:6      | Noticed silentkaos13's ghost (novice DDBe)
  5172 | D:6      | Found a runed translucent gate.
  5173 | D:6      | Found a runed translucent gate.
  5173 | D:6      | Identified the +6 dagger "Syemevediz" {drain, Int+2}
  5173 | D:6      | Reached * piety under the Shining One
  5625 | D:7      | Noticed Prince Ribbit
  5653 | D:7      | Killed Prince Ribbit
  5798 | D:7      | Reached XP level 9. HP: 44/69 MP: 18/18
  6387 | D:7      | Reached skill level 5 in Throwing
  6387 | D:7      | Reached skill level 5 in Shields
  6593 | D:8      | Noticed a two-headed ogre
  6834 | D:8      | Reached skill level 8 in Armour
  6963 | D:8      | Reached skill level 5 in Invocations
  7104 | D:8      | Found a white marble altar of Elyvilon.
  7368 | D:9      | Noticed Erica
  7388 | D:9      | Killed Erica
  7388 | D:9      | Reached XP level 10. HP: 45/77 MP: 20/20
  7390 | D:9      | Reached skill level 5 in Short Blades
  7390 | D:9      | Reached skill level 5 in Long Blades
  7390 | D:9      | Reached skill level 5 in Axes
  7390 | D:9      | Reached skill level 5 in Maces & Flails
  7390 | D:9      | Reached skill level 5 in Polearms
  7390 | D:9      | Reached skill level 5 in Staves
  7390 | D:9      | Reached skill level 5 in Slings
  7390 | D:9      | Reached skill level 5 in Bows
  7390 | D:9      | Reached skill level 5 in Crossbows
  7390 | D:9      | Reached skill level 5 in Dodging
  7390 | D:9      | Reached skill level 5 in Stealth
  7390 | D:9      | Reached skill level 5 in Unarmed Combat
  7390 | D:9      | Reached skill level 5 in Evocations
  7591 | D:9      | Reached ** piety under the Shining One
  8154 | D:8      | Killed a two-headed ogre
  8154 | D:8      | Reached skill level 5 in Air Magic
  8408 | D:9      | Found a staircase to the Lair.
  8636 | D:9      | Noticed Grum
  8655 | D:9      | Killed Grum
  8909 | D:9      | Noticed an orc sorcerer
  8910 | D:9      | Paralysed by an orc for 3 turns
  8915 | D:9      | Noticed an orange demon
  8916 | D:9      | Noticed an orange demon
  8949 | D:9      | Reached XP level 11. HP: 83/84 MP: 22/22
  8966 | D:9      | Killed an orc sorcerer
  8969 | D:9      | Paralysed by an orc for 5 turns
  9408 | D:9      | Found a radiant altar of Vehumet.
 10015 | D:10     | Entered Level 10 of the Dungeon
 10192 | D:9      | Reached skill level 9 in Armour
 10458 | D:10     | Reached skill level 5 in Conjurations
 10458 | D:10     | Reached skill level 5 in Hexes
 10458 | D:10     | Reached skill level 5 in Charms
 10458 | D:10     | Reached skill level 5 in Summonings
 10458 | D:10     | Reached skill level 5 in Necromancy
 10458 | D:10     | Reached skill level 5 in Translocations
 10458 | D:10     | Reached skill level 5 in Transmutations
 10458 | D:10     | Reached skill level 5 in Fire Magic
 10458 | D:10     | Reached skill level 5 in Ice Magic
 10458 | D:10     | Reached skill level 5 in Earth Magic
 10458 | D:10     | Reached skill level 5 in Poison Magic
 10556 | D:10     | HP: 3/85 [wyvern (8)]
 10563 | D:10     | HP: 1/85 [wyvern (2)]
 10647 | D:10     | Noticed an unseen horror
 10650 | D:10     | HP: 4/85 [unseen horror (6)]
 10652 | D:10     | Slain by an unseen horror

Levels and vault maps discovered:
D:1:      dpeg_arrival_water_altar, layout_basic
D:2:      layout_loops_cross, grunt_temple_overflow_open,
          overflow_temple_1_default
D:3:      lemuel_upstairs_altar, layout_loops_ring, minmay_misc_feat_square,
          uniq_robin, uniq_terence
D:4:      layout_basic, serial_shops, kennysheep_mini,
          chequers_serial_rivers_micro_d, grunt_tough_drop
D:5:      layout_basic, grunt_temple_overflow_growth_and_decay,
          lemuel_crystal_altar, lemuel_crystal_altar,
          nicolae_tso_carved_into_rock, basic_altar, first_ration,
          dk_noncrumbling_2, chequers_garden,
          hangedman_abyss_or_decor_lesser_grid, minmay_checkerbox, uniq_sigmund
D:6:      layout_gridville, minmay_temple_entry_butterflies, basic_altar,
          gammafunk_ghost_nasty_kobolds
D:7:      layout_basic, the_bakery, uniq_prince_ribbit1
D:8:      layout_basic, elyvilon_altar_3
D:9:      lemuel_castle_with_subvaults [lemuel_castle_interior_original],
          layout_irregular_city, nicolae_overflow_hidden_temple,
          lair_entry_dummy, lightli_orcish_oven, uniq_erica, uniq_grum
D:10:     layout_small_grid, serial_shops, shop, minmay_tree_intersection

Skill      XL: |  1  2  3  4  5  6  7  8  9 10 11 |
---------------+----------------------------------+-----
Air Magic      | 2 3 4 5 |  5.5
Spellcasting   | 5 6 7 8 |  8.0
Invocations    | 1 2 3 4 5 6 |  6.6
Short Blades   | 1 2 3 4 5 6 |  6.1
Long Blades    | 1 2 3 4 5 6 |  6.1
Axes           | 1 2 3 4 5 6 |  6.1
Maces & Flails | 1 2 3 4 5 6 |  6.1
Polearms       | 1 2 3 4 5 6 |  6.1
Staves         | 1 2 3 4 5 6 |  6.1
Slings         | 1 2 3 4 5 6 |  6.1
Bows           | 1 2 3 4 5 6 |  6.1
Crossbows      | 1 2 3 4 5 6 |  6.1
Dodging        | 1 2 3 4 5 6 |  6.1
Stealth        | 1 2 3 4 5 6 |  6.1
Unarmed Combat | 1 2 3 4 5 6 |  6.1
Evocations     | 1 2 3 4 5 6 |  6.1
Conjurations   | 1 2 3 4 5 |  5.0
Hexes          | 1 2 3 4 5 |  5.0
Charms         | 1 2 3 4 5 |  5.0
Summonings     | 1 2 3 4 5 |  5.0
Necromancy     | 1 2 3 4 5 |  5.0
Translocations | 1 2 3 4 5 |  5.0
Transmutations | 1 2 3 4 5 |  5.0
Fire Magic     | 1 2 3 4 5 |  5.0
Ice Magic      | 1 2 3 4 5 |  5.0
Earth Magic    | 1 2 3 4 5 |  5.0
Poison Magic   | 1 2 3 4 5 |  5.0
Throwing       | 3 4 5 6 |  6.6
Shields        | 3 4 5 6 |  6.6
Fighting       | 5 6 7 |  7.7
Armour         | 7 8 9 |  9.0

Action                   |  1- 3 |  4- 6 |  7- 9 | 10-12 || total
-------------------------+-------+-------+-------+-------++-------
Melee: Spear             |    76 |   263 |       |       ||   339
       Bite              |     2 |    23 |    72 |    39 ||   136
       Long sword        |       |    20 |   502 |     2 ||   524
       Scimitar          |       |       |       |   147 ||   147
       Trident           |       |       |       |   170 ||   170
Invok: Divine Shield     |       |       |       |     1 ||     1
Evoke: Lamp of fire      |       |       |     1 |     1 ||     2
  Use: Potion            |       |       |     9 |     2 ||    11
 Stab: Sleeping          |     3 |     1 |       |       ||     4
       Distracted        |     1 |       |       |       ||     1
  Eat: Chunk             |       |     7 |    15 |     8 ||    30
       Ration            |       |       |       |     1 ||     1
Armor: Robe              |     7 |     5 |       |       ||    12
       Chain mail        |       |   138 |   499 |   225 ||   862
Dodge: Dodged            |    26 |    74 |   284 |   206 ||   590
Block: Buckler           |    10 |    54 |   208 |   174 ||   446
       Rpst.: Long sword |       |     2 |    87 |     1 ||    90
       Scimitar          |       |       |       |    24 ||    24

Table legend:
 A = Non-vault XP
 B = Vault XP
 C = Vault XP percentage of total XP
 D = Non-vault monster count
 E = Vault monster count
 F = Vault count percentage of total count
                 A         B        C        D         E       F
            +---------+---------+-------+---------+---------+-------
      Total |    6319 |    5859 |  48.1 |     188 |      91 |  32.6
            +---------+---------+-------+---------+---------+-------
        D:1 |      39 |       0 |   0.0 |      22 |       0 |   0.0
        D:2 |      86 |       0 |   0.0 |      19 |       0 |   0.0
        D:3 |     237 |      66 |  21.8 |      26 |      12 |  31.6
        D:4 |     257 |     109 |  29.8 |       9 |       3 |  25.0
        D:5 |     442 |     278 |  38.6 |      16 |       5 |  23.8
        D:6 |     424 |       0 |   0.0 |      15 |       0 |   0.0
        D:7 |    1120 |     473 |  29.7 |      26 |       2 |   7.1
        D:8 |    1958 |       0 |   0.0 |      25 |       0 |   0.0
        D:9 |     752 |    4933 |  86.8 |      12 |      69 |  85.2
       D:10 |    1004 |       0 |   0.0 |      18 |       0 |   0.0
            +---------+---------+-------+---------+---------+-------
